[Event "Late-Titled-Tuesday-Blitz-October-17-2023"]
[Site "Chess.com"]
[Date "2023.10.17"]
[Round "10"]
[White "Predator0608"]
[Black "effefe"]
[Result "1-0"]
[WhiteElo "2496"]
[BlackElo "2350"]
[TimeControl "180+1"]
[EndTime "15:50:25 PDT"]
[Termination "Predator0608 won on time"]

1. e4 c5 2. Nf3 d6 3. d4 cxd4 4. Nxd4 Nf6 5. Nc3 g6 6. Be3 Bg7 7. f3 O-O 8. Bc4 Nc6 9. Qd2 Na5 10. Bb3 Bd7 11. h4 Rc8 12. Bh6 Nc4 13. Bxc4 Rxc4 14.
Bxg7 Kxg7 15. h5 e5 16. hxg6 Rxd4 17. Qh6+ Kg8 18. g7 Re8 19. g4 Qb6 20. Rb1 Bc6 21. Qxf6 1-0

[Event "Late-Titled-Tuesday-Blitz-October-17-2023"]
[Site "Chess.com"]
[Date "2023.10.17"]
[Round "10"]
[White "mfwagnerpeixoto"]
[Black "rdarruda"]
[Result "0-1"]
[WhiteElo "2341"]
[BlackElo "2465"]
[TimeControl "180+1"]
[EndTime "15:50:30 PDT"]
[Termination "rdarruda won by resignation"]

1. e4 c5 2. Nf3 Nc6 3. Bb5 g6 4. O-O Bg7 5. Re1 Nf6 6. Nc3 O-O 7. e5 Ng4 8. Bxc6 bxc6 9. d3 d6 10. exd6 exd6 11. h3 Ne5 12. Nxe5 Bxe5 13. Ne4 f5 14.
Ng5 h6 15. Nf3 Bg7 16. c3 Re8 17. Qb3+ d5 18. Be3 Qd6 19. Qa3 Bf8 20. d4 cxd4 21.
Qxd6 Bxd6 22. Nxd4 f4 23. Bd2 Rxe1+ 24. Rxe1 Bd7 25. b4 a5 26. bxa5 Rxa5 27. Ra1 Ra4 28. Nb3 g5 29. Kf1 Bc8 30. Kg1 c5 31. Nc1 Bf5 32. Nb3 Bc2 33. Re1 Rxa2 34. Nc1 Ra1 35. Re6 Bf8 36. Kh2 Rb1 37. Re8 Rb2 38. Rd8 Be4 39. Be1 c4 40. Rd7 Rc2 0-1

[Event "Late-Titled-Tuesday-Blitz-October-17-2023"]
[Site "Chess.com"]
[Date "2023.10.17"]
[Round "10"]
[White "karinachess1"]
[Black "venturov"]
[Result "1-0"]
[WhiteElo "2626"]
[BlackElo "2481"]
[TimeControl "180+1"]
[EndTime "15:50:42 PDT"]
[Termination "karinachess1 won by resignation"]

1. d4 Nf6 2. c4 d6 3. Nf3 g6 4. Nc3 Nbd7 5. g3 Bg7 6. Bg2 O-O 7. O-O e5 8. e4 exd4 9. Nxd4 Re8 10. h3 Nc5 11.
Re1 Bd7 12. b4 Ne6 13. Be3 a5 14. a3 axb4 15. axb4 Rxa1 16. Qxa1 c5 17. Nxe6 Bxe6 18. bxc5 Bxc4 19. Qa4 Bd3 20. Rd1 dxc5 21. Bxc5 Qd7 22.
Qb4 Rc8 23. e5 Nh5 24. Nd5 Be2 25. Rd2 Qb5 26. Qxb5 Bxb5 27. Ne7+ Kh8 28. Nxc8 Bxe5 29. Bxb7 Nf6 30. Bd4 Bxd4 31. Rxd4 Bd7 32. Nd6 Bxh3 33.
Nxf7+ Kg7 34. Ng5 Kh6 35. Nxh3 1-0

[Event "Late-Titled-Tuesday-Blitz-October-17-2023"]
[Site "Chess.com"]
[Date "2023.10.17"]
[Round "10"]
[White "becemix"]
[Black "Bala-Afiada"]
[Result "1-0"]
[WhiteElo "2423"]
[BlackElo "1917"]
[TimeControl "180+1"]
[EndTime "15:50:44 PDT"]
[Termination "becemix won by resignation"]

1. d4 d5 2. Nc3 Nf6 3. Bf4 c6 4. e3 Nbd7 5. Nf3 e6 6. Bd3 Be7 7. O-O O-O 8. Re1 Nh5 9. Ne5 Nxf4 10. exf4 Nxe5 11. Rxe5 Bf6 12. Re3 g6 13. Ne2 Qb6 14. c3 c5 15. dxc5 Qxc5 16. Bc2 Bd7 17. Rg3 Bc6 18.
Nd4 Rad8 19. f5 Bxd4 20. cxd4 Qe7 21. fxg6 fxg6 22. Qh5 Be8 23. Re1 Rc8 24. Bb3 Qf6 25.
Qe2 Bf7 26. Rf3 Qg7 27. Qb5 Be8 28. Rxf8+ Kxf8 29. Qb4+ Kg8 30. Qd6 Qxd4 31. Qxe6+ Bf7 32. Qxc8+ Kg7 33. Qc3 Qxc3 34. bxc3 1-0

[Event "Late-Titled-Tuesday-Blitz-October-17-2023"]
[Site "Chess.com"]
[Date "2023.10.17"]
[Round "10"]
[White "Zhigalko_Sergei"]
[Black "GianmarcoVaR"]
[Result "1-0"]
[WhiteElo "2944"]
[BlackElo "2700"]
[TimeControl "180+1"]
[EndTime "15:50:48 PDT"]
[Termination "Zhigalko_Sergei won by checkmate"]

1. e4 c5 2. c3 Nf6 3. e5 Nd5 4. Nf3 d6 5. Bc4 Nb6 6. Bb3 Nc6 7. exd6 Qxd6 8. O-O Be6 9. Bxe6 Qxe6 10. a4 Qd7 11. a5 Nd5 12. d4 e6 13. a6 b6 14. Ne5 Qc7 15. Qa4 Rc8 16. c4 Nb4 17. Bf4 Bd6 18.
Nc3 O-O 19. Nb5 Bxe5 20. Nxc7 Bxf4 21. Nb5 Rcd8 22. dxc5 bxc5 23. Rad1 Rb8 24. Rd7 Rb6 25. Nxa7 Rxa6 26. Qxa6 Nxa6 27. Nxc6 Nb8 28. Ne7+ Kh8 29.
Rb7 Bg5 30. Ra1 Bxe7 31. Rxe7 Nc6 32. Rc7 Nd4 33. Raa7 Kg8 34. Rxc5 g5 35. Rxg5+ Kh8 36. Rc5 Rb8 37. Rxf7 Kg8 38. Rd7 Rxb2 39. Rc8# 1-0

[Event "Late-Titled-Tuesday-Blitz-October-17-2023"]
[Site "Chess.com"]
[Date "2023.10.17"]
[Round "10"]
[White "mishanick"]
[Black "DarkAlekhine"]
[Result "1-0"]
[WhiteElo "3028"]
[BlackElo "2733"]
[TimeControl "180+1"]
[EndTime "15:50:49 PDT"]
[Termination "mishanick won on time"]

1. d4 Nf6 2. c4 e6 3. Nc3 d5 4.
cxd5 exd5 5. Bf4 Bd6 6. Bxd6 Qxd6 7. e3 c6 8. Bd3 O-O 9. h3 Re8 10. Qc2 Nbd7 11. Nf3 Nb6 12. O-O Be6 13. Ne5 Nc4 14. Bxc4 dxc4 15. Ne2 b5 16. b3 c5 17. bxc4 cxd4 18.
exd4 bxc4 19. Rfd1 Rac8 20. Rac1 Qa6 21. Nc3 Nd5 22. Ne4 Nb4 23. Qd2 Nxa2 24. Rc2 c3 25. Nxc3 Nxc3 26. Rxc3 Rxc3 27. Qxc3 Rc8 28. Qf3 Qa4 29.
d5 Rd8 30. Kh2 Qb5 31. Nc6 Bd7 32. Nxd8 Qb8+ 33. Qg3 Qxd8 34. Qd6 Qe8 35. Ra1 Bf5 36. Rxa7 h5 37. Rb7 Qe4 38. Rb4 Qe2 39. Qf4 Bg6 40. d6 Qd1 41. Rd4 1-0

[Event "Late-Titled-Tuesday-Blitz-October-17-2023"]
[Site "Chess.com"]
[Date "2023.10.17"]
[Round "10"]
[White "talaicito"]
[Black "Inepton_Fermion"]
[Result "0-1"]
[WhiteElo "2225"]
[BlackElo "2374"]
[TimeControl "180+1"]
[EndTime "15:50:52 PDT"]
[Termination "Inepton_Fermion won on time"]

1. d4 Nf6 2. Nc3 d5 3. Bf4 a6 4. e3 e6 5. Nf3 c5 6. dxc5 Bxc5 7. Bd3 b5 8. a3 Bb7 9. O-O O-O 10. Ne5 Nbd7 11. g4 Nxe5 12. Bxe5 d4 13. exd4 Bb6 14. g5 Nd5 15. Ne4 f6 16. Bd6 Rf7 17. Bc5 Bc7 18.
Qh5 Nf4 19. Nxf6+ gxf6 20. Qg4 Qd5 21. f3 Rg7 22. Be4 Qd7 23. h4 f5 24. Bxb7 fxg4 25.
Bxa8 Nh3+ 26. Kg2 Bb8 27. Rad1 Qc7 28. fxg4 Qg3+ 0-1

[Event "Late-Titled-Tuesday-Blitz-October-17-2023"]
[Site "Chess.com"]
[Date "2023.10.17"]
[Round "10"]
[White "Alimpic"]
[Black "Hasangatin_Ramil"]
[Result "0-1"]
[WhiteElo "2524"]
[BlackElo "2722"]
[TimeControl "180+1"]
[EndTime "15:50:59 PDT"]
[Termination "Hasangatin_Ramil won on time"]

1. Nf3 d5 2. g3 Nc6 3. d4 Bf5 4. Bg2 Nb4 5. Na3 e6 6. O-O Nf6 7. c3 Nc6 8. Nc2 Be7 9. Nce1 O-O 10. Nd3 Be4 11. Re1 h6 12. Nd2 Bxg2 13. Kxg2 Ne4 14.
f3 Nxd2 15. Bxd2 f5 16. e4 fxe4 17. fxe4 dxe4 18. Rxe4 Qd5 19. Qe2 e5 20. Nxe5 Nxe5 21. dxe5 Bc5 22. Bf4 g5 23. Rd1 Qc6 24. Qc4+ Kg7 25.
Rd5 Bb6 26. Qxc6 bxc6 27. Rd7+ Kg6 28. Be3 Kf5 29. Bxb6 Kxe4 30. Bxc7 g4 31. e6 Rae8 32. e7 Rf7 33. Bd8 Ke3 34. Rxa7 Ke2 35. Kg1 Ke1 36.
Rd7 Rf1+ 37. Kg2 Rf2+ 38. Kg1 Rxb2 39. a4 Rc2 40. Rd3 Ke2 41. Rd7 Rxc3 42. a5 c5 0-1

[Event "Late-Titled-Tuesday-Blitz-October-17-2023"]
[Site "Chess.com"]
[Date "2023.10.17"]
[Round "10"]
[White "Chessbard1972"]
[Black "campochess"]
[Result "1-0"]
[WhiteElo "2337"]
[BlackElo "2192"]
[TimeControl "180+1"]
[EndTime "15:51:02 PDT"]
[Termination "Chessbard1972 won by resignation"]

1. d4 Nf6 2. c4 g6 3. Nf3 d5 4. g3 Bg7 5. Bg2 O-O 6. cxd5 Nxd5 7.
O-O Nb6 8. e3 N8d7 9. Nc3 c5 10.
Qe2 Re8 11. Rd1 Qc7 12. Nb5 Qb8 13. e4 a6 14. dxc5 axb5 15. cxb6 Nxb6 16. Qxb5 Nd7 17. Bf4 e5 18. Bg5 f6 19. Be3 Re7 20. Bh3 Nf8 21. Rd8 Bxh3 22. Rxb8 Rxb8 23. Rc1 h5 24. Bc5 Rc7 25. Rc3 Ne6 26. Bd6 Rxc3 27. bxc3 Rc8 28. Qxb7 Ng5 29. Nxg5 fxg5 30. Qb4 Rc6 31. f3 g4 32. Kf2 gxf3 33. Kxf3 Bg4+ 34. Kg2 Be6 35. a4 Rc4 36. Qb8+ Kh7 37. Qb7 Kg8 38. Qb8+ Kh7 39. Bxe5 Rxa4 40. Qc7 Ra2+ 41. Kf3 Bg4+ 42.
Ke3 Re2+ 43. Kd3 1-0

[Event "Late-Titled-Tuesday-Blitz-October-17-2023"]
[Site "Chess.com"]
[Date "2023.10.17"]
[Round "10"]
[White "borocotoajua"]
[Black "DvaHrasta"]
[Result "1-0"]
[WhiteElo "2579"]
[BlackElo "2491"]
[TimeControl "180+1"]
[EndTime "15:51:03 PDT"]
[Termination "borocotoajua won on time"]

1. d4 Nf6 2. Nf3 e6 3. c4 Bb4+ 4. Nbd2 d5 5. g3 O-O 6. Bg2 dxc4 7. Qc2 b5 8. a4 c6 9. O-O Bb7 10. b3 cxb3 11. Nxb3 a5 12. Nc5 Bxc5 13. dxc5 Na6 14. Bf4 Nb4 15. Qc1 bxa4 16. Rxa4 Ba6 17.
Rd1 Nfd5 18. Bd6 Bxe2 19. Rd4 Bb5 20. Ra3 f6 21. Bh3 e5 22. Be6+ Kh8 23. Rh4 Qe8 24. Qb1 g6 25. Bxf8 Qxf8 26. Qxg6 Qg7 27. Qxg7+ Kxg7 28. Rg4+ Kh8 29. Nd2 h5 30. Rh4 Nd3 31. Rxh5+ Kg7 32.
Bf5 Nxc5 33. Rh7+ Kg8 34. Ne4 Nxe4 35. Bxe4 a4 36. Rb7 Rf8 37. Rxb5 cxb5 38. Bxd5+ Kg7 39.
Bc6 1-0

[Event "Late-Titled-Tuesday-Blitz-October-17-2023"]
[Site "Chess.com"]
[Date "2023.10.17"]
[Round "10"]
[White "aNaartjieZA"]
[Black "rasmussvane"]
[Result "0-1"]
[WhiteElo "2560"]
[BlackElo "2959"]
[TimeControl "180+1"]
[EndTime "15:51:06 PDT"]
[Termination "rasmussvane won by resignation"]

1. e4 e6 2. d3 d5 3. Nd2 Nc6 4. Ngf3 Nf6 5. c3 e5 6. Be2 Bd6 7. O-O O-O 8. Re1 Re8 9. Bf1 h6 10. a3 a5 11. a4 Be6 12. exd5 Bxd5 13. Ne4 Be7 14. Ng3 Bc5 15. Be3 Bxe3 16. Rxe3 Qd6 17.
Nh4 Qf8 18. Be2 Rad8 19. Qc2 Qc5 20. Bf3 Nd4 21. Qd1 Nxf3+ 22. Nxf3 Ng4 23. Re2 Bxf3 24. gxf3 Nf6 25. Ne4 Nxe4 26. fxe4 Rd6 27. Re3 Rg6+ 28. Rg3 Rf6 29. Qe2 Ree6 30. Rd1 Rf4 31. Qe3 Qc6 32.
Re1 Ref6 33. Re2 Qxa4 34. d4 Qb5 35. c4 Qe8 36. dxe5 Qxe5 37. Rc2 Rxe4 0-1

[Event "Late-Titled-Tuesday-Blitz-October-17-2023"]
[Site "Chess.com"]
[Date "2023.10.17"]
[Round "10"]
[White "ElenGajger"]
[Black "PushingpawnsNYC"]
[Result "1-0"]
[WhiteElo "2386"]
[BlackElo "2347"]
[TimeControl "180+1"]
[EndTime "15:51:06 PDT"]
[Termination "ElenGajger won by checkmate"]

1. e4 c5 2. Nc3 e6 3. b3 a6 4.
Bb2 Qc7 5. Nf3 b5 6. Be2 Bb7 7.
d3 d6 8. O-O Nf6 9. Qd2 Be7 10.
Rae1 O-O 11. h3 Nc6 12. Nh2 b4 13. Nd1 e5 14. Ne3 Nd4 15. Bd1 a5 16. f4 a4 17.
fxe5 dxe5 18. Bxd4 cxd4 19. Nf5 axb3 20. axb3 g6 21.
Nxe7+ Qxe7 22. h4 Ne8 23. h5 Ng7 24. Ng4 Ra6 25. Qh6 Nxh5 26. Rf3 f5 27. Ref1 Raa8 28.
exf5 Bxf3 29. Bxf3 Ra6 30. Bd5+ Kh8 31. Bc4 Rd6 32.
Nxe5 Rxf5 33. Rxf5 gxf5 34. Qxh5 Qxe5 35. Qf7 Rg6 36. Qf8+ Rg8 37. Qxg8# 1-0

[Event "Late-Titled-Tuesday-Blitz-October-17-2023"]
[Site "Chess.com"]
[Date "2023.10.17"]
[Round "10"]
[White "adrivillu"]
[Black "Mikhal867"]
[Result "0-1"]
[WhiteElo "2306"]
[BlackElo "2424"]
[TimeControl "180+1"]
[EndTime "15:51:10 PDT"]
[Termination "Mikhal867 won on time"]

1. e4 c5 2. Nc3 Nc6 3. f4 e6 4. Nf3 d5 5. Bb5 d4 6. Bxc6+ bxc6 7. Na4 Ba6 8. b3 Nf6 9. d3 Ng4 10. O-O Bb5 11. Nb2 g6 12. Ne5 Ne3 13. Bxe3 dxe3 14.
Qe2 Bg7 15. Qxe3 Qc7 16. Qg3 O-O 17. Rae1 Kh8 18. Kh1 g5 19. Nbc4 Bxc4 20. Nxc4 Bc3 21. Re2 Rg8 22. f5 Qxg3 23. hxg3 g4 24. Nd6 Raf8 25.
fxe6 fxe6 26. Ref2 Rxf2 27. Rxf2 Rg6 28. Rf4 Bd4 29. Nf7+ Kg7 30. a4 Bf6 31. Kg1 e5 32. Rxf6 Kxf6 33. Nd6 Ke6 0-1

[Event "Late-Titled-Tuesday-Blitz-October-17-2023"]
[Site "Chess.com"]
[Date "2023.10.17"]
[Round "10"]
[White "topin8"]
[Black "ToddBryant"]
[Result "0-1"]
[WhiteElo "2452"]
[BlackElo "2315"]
[TimeControl "180+1"]
[EndTime "15:51:10 PDT"]
[Termination "ToddBryant won on time"]

1. e4 c5 2. Nf3 d6 3. c3 Nf6 4. Be2 Nc6 5. d4 cxd4 6. cxd4 Nxe4 7. d5 Qa5+ 8. Nc3 Nxc3 9. bxc3 Ne5 10. Nxe5 Qxc3+ 11. Bd2 Qxe5 12. O-O Qxd5 13. Bf3 Qb5 14. Rb1 Qa6 15. Be2 Qa3 16. Bb5+ Kd8 17. Qc2 Qc5 18. Qxc5 dxc5 19. Rfd1 e5 20. Ba5+ Ke7 21. Bd8+ Ke6 22.
Bc4+ Kf5 23. f3 Kg6 24. g4 Be6 25. Bd3+ Kh6 26. h4 f6 27. g5+ Kh5 28. Bc7 Be7 29.
gxf6 gxf6 30. Be2 Rhg8+ 31. Kf2 Kh6 32. f4 c4 33. fxe5 Bc5+ 34. Kf3 Bg4+ 35. Ke4 Bxe2 36. Re1 f5+ 0-1

[Event "Late-Titled-Tuesday-Blitz-October-17-2023"]
[Site "Chess.com"]
[Date "2023.10.17"]
[Round "10"]
[White "Heinza9"]
[Black "Artem_Koval"]
[Result "0-1"]
[WhiteElo "2317"]
[BlackElo "2418"]
[TimeControl "180+1"]
[EndTime "15:51:11 PDT"]
[Termination "Artem_Koval won on time"]

1. e4 Nc6 2. d4 d5 3. Nc3 Nf6 4.
e5 Ne4 5. Nxe4 dxe4 6. Be3 Bf5 7. Bb5 e6 8. Ne2 Be7 9. O-O Qd7 10. c4 O-O-O 11.
a3 f6 12. Qa4 a6 13. Bxc6 Qxc6 14. Qxc6 bxc6 15. Rad1 Rd7 16. Ng3 Bg6 17. exf6 Bxf6 18. Rd2 Rhd8 19. Rfd1 c5 20. d5 exd5 21. cxd5 c6 22.
Bxc5 Rxd5 23. Rxd5 Rxd5 24. Rxd5 cxd5 25. b4 Be8 26.
Kf1 Bb2 27. Nf5 Bb5+ 28. Ke1 Kd7 29. Nd4 Bxa3 30. Nxb5 axb5 31. Kd2 Bb2 32. Ke3 Be5 33. g3 Ke6 34. Bf8 Kf5 35. Bc5 Kg4 36. Bd4 Kf5 0-1

[Event "Late-Titled-Tuesday-Blitz-October-17-2023"]
[Site "Chess.com"]
[Date "2023.10.17"]
[Round "10"]
[White "victormago"]
[Black "rikchessmx"]
[Result "1/2-1/2"]
[WhiteElo "2428"]
[BlackElo "2305"]
[TimeControl "180+1"]
[EndTime "15:51:12 PDT"]
[Termination "Game drawn by repetition"]

1. d4 Nf6 2. c4 e6 3. Nc3 d5 4. cxd5 exd5 5. Bg5 Nbd7 6. e3 Be7 7. Bd3 O-O 8. Nf3 c6 9. O-O Re8 10. Rb1 a5 11. a3 Ne4 12. Bxe7 Qxe7 13. Qc2 f5 14. b4 axb4 15. axb4 b5 16. Rfc1 Bb7 17. Ne2 Ra3 18. Bxe4 fxe4 19. Nd2 Nb6 20. Nb3 Nc4 21. Nc5 Bc8 22. Ra1 Qa7 23. Rxa3 Qxa3 24. Rb1 Bg4 25. Ng3 g6 26. h3 Bc8 27. Qc1 Qa7 28. Ra1 Qf7 29.
Ra2 Rf8 30. Qe1 h5 31. Nf1 g5 32. Nd2 g4 33. h4 Nd6 34. g3 Nf5 35. Nf1 Nd6 36.
Qc1 Nc4 37. Qe1 Qf3 38. Nd2 Qf7 39. Nxc4 bxc4 40. Qc3 Bf5 41. Qc2 Bc8 42. Qa4 Qf3 43.
Qxc6 Qd1+ 44. Kh2 Qf1 45. Qxd5+ Rf7 46. Nxe4 Bb7 47. Qg5+ Kf8 48. Qd8+ Kg7 49. Qg5+ Kf8 50. Qc5+ Kg8 51. Qg5+ Kf8 1/2-1/2

[Event "Late-Titled-Tuesday-Blitz-October-17-2023"]
[Site "Chess.com"]
[Date "2023.10.17"]
[Round "10"]
[White "ameetghasi100"]
[Black "Hrant_ChessMood"]
[Result "0-1"]
[WhiteElo "2798"]
[BlackElo "2929"]
[TimeControl "180+1"]
[EndTime "15:51:16 PDT"]
[Termination "Hrant_ChessMood won by resignation"]

1. Nf3 c5 2. g3 Nc6 3. Bg2 e5 4. O-O d5 5. d3 Be7 6. Nc3 d4 7. Ne4 f5 8. Ned2 Nh6 9. c3 O-O 10. Nc4 Nf7 11. cxd4 cxd4 12. Bd2 Be6 13. Rc1 Qd7 14.
a4 Rfc8 15. Ne1 Rab8 16. Nc2 Bxc4 17. dxc4 e4 18. b3 a5 19. Bf4 Ra8 20. Qd2 g5 21. Bh3 gxf4 22. Qxf4 Bg5 23. Qxf5 Qxf5 24. Bxf5 Bxc1 25.
Bxc8 Rxc8 26. Rxc1 Nfe5 27. Rd1 Rd8 28. Kg2 d3 29. exd3 exd3 30. Ne3 Nb4 31. f4 Nec6 32. Nf5 Re8 33. Kf3 h5 34. h3 Rd8 35. g4 hxg4+ 36.
hxg4 Na2 37. Ke3 Ncb4 38. Rd2 Nc1 39. Rb2 Re8+ 40. Kd2 Ne2 41. Nd6 Re7 42. f5 Nf4 43.
Kc3 Re2 44. Rd2 Na2+ 45. Rxa2 Rxa2 46. Ne4 Rc2+ 47. Kd4 d2 48. Nxd2 Rxd2+ 49. Ke3 Rd3+ 50. Kxf4 Rxb3 51. g5 Rb4 52. Ke5 Rxc4 53. g6 Rxa4 54.
Kf6 Rf4 55. Kg5 Rxf5+ 56. Kxf5 a4 57. Kf6 a3 58. g7 a2 59. Kg6 a1=Q 60. Kh5 Qxg7 0-1

[Event "Late-Titled-Tuesday-Blitz-October-17-2023"]
[Site "Chess.com"]
[Date "2023.10.17"]
[Round "10"]
[White "nochewycandy"]
[Black "MathiasWomacka"]
[Result "1-0"]
[WhiteElo "2740"]
[BlackElo "2548"]
[TimeControl "180+1"]
[EndTime "15:51:16 PDT"]
[Termination "nochewycandy won on time"]

1. e4 c5 2. Nf3 d6 3. d4 cxd4 4.
Nxd4 Nf6 5. Nc3 a6 6. Be3 e5 7. Nb3 Be7 8. h3 Be6 9. f4 Qc7 10. f5 Bc4 11. Bxc4 Qxc4 12. Qd3 Qxd3 13. cxd3 h5 14. Na5 b5 15. Bg5 Nbd7 16. Nc6 h4 17. Bxf6 Nxf6 18. Nb4 Bd8 19. Nbd5 b4 20. Nxf6+ Bxf6 21. Nd5 Rb8 22. Rc1 O-O 23. Ke2 Bg5 24. Rc4 a5 25. g3 hxg3 26. Kf3 f6 27. h4 Bh6 28. Kxg3 Rb7 29. Rh2 Kh7 30. b3 g6 31. Rhc2 gxf5 32.
exf5 Rff7 33. Rc7 Kg7 34. Rxb7 Rxb7 35. Rc7+ Rxc7 36. Nxc7 Kf7 37. Kf3 Ke7 38. Ke4 Kd7 39. Nd5 Bg7 40. h5 Kc6 41. Ne3 Kc5 42. Ng4 d5+ 43.
Ke3 Kd6 44. h6 Bh8 45. d4 1-0

[Event "Late-Titled-Tuesday-Blitz-October-17-2023"]
[Site "Chess.com"]
[Date "2023.10.17"]
[Round "10"]
[White "Payyappat"]
[Black "balachess2006"]
[Result "1-0"]
[WhiteElo "2514"]
[BlackElo "2579"]
[TimeControl "180+1"]
[EndTime "15:51:16 PDT"]
[Termination "Payyappat won by resignation"]

1. e4 c5 2. Nf3 Nc6 3. d4 cxd4 4. Nxd4 g6 5. Nc3 Bg7 6. Be3 Nf6 7. f4 d6 8. Be2 O-O 9. O-O Nxd4 10. Bxd4 Be6 11.
f5 Bd7 12. g4 Bc6 13. Bf3 Nd7 14. g5 Bxd4+ 15. Qxd4 Qb6 16. Qxb6 Nxb6 17. Rad1 Nd7 18.
Bg2 Rfd8 19. f6 exf6 20. gxf6 Ne5 21. Rd4 Re8 22. Rfd1 Re6 23. Rxd6 Rxd6 24. Rxd6 Nc4 25. Rd4 Ne5 26. Nd5 h6 27. c4 Bxd5 28. exd5 Nd7 29. b4 a5 30. c5 axb4 31. c6 Nxf6 32. cxb7 Rb8 33. d6 Nd7 34. Bc6 Ne5 35. Bg2 Nd7 36. Rc4 Kg7 37. Rc7 Ne5 38. Rc8 Nd7 39. Bc6 Kf6 40. Bxd7 Rxb7 41. Bc6 b3 42. d7 b2 43. d8=Q+ Kg7 44. Qd4+ f6 45. Be4 1-0

[Event "Late-Titled-Tuesday-Blitz-October-17-2023"]
[Site "Chess.com"]
[Date "2023.10.17"]
[Round "10"]
[White "Chessdreamer2020"]
[Black "jaskol95"]
[Result "0-1"]
[WhiteElo "2492"]
[BlackElo "2583"]
[TimeControl "180+1"]
[EndTime "15:51:16 PDT"]
[Termination "jaskol95 won by checkmate"]

1. e4 d5 2. exd5 Nf6 3. Bb5+ Nbd7 4. Nf3 a6 5. Be2 Nxd5 6. d4 N5f6 7. O-O e6 8. c4 b6 9. Nc3 Bb7 10. Re1 Be7 11. b3 O-O 12. Bb2 c5 13. Bf1 cxd4 14.
Qxd4 Nc5 15. Qe3 Qc7 16. Rad1 Ng4 17. Nd5 Nxe3 18. Nxc7 Nxd1 19. Nxa8 Nxb2 20. Nxb6 Bd8 21. Rb1 Nbd3 22. Nd7 Nxd7 23. Bxd3 Bxf3 24. gxf3 a5 25. a3 Be7 26. b4 Rb8 27. c5 axb4 28. axb4 Bxc5 29.
bxc5 Rxb1+ 30. Bxb1 Nxc5 31. Kf1 h6 32. Ke2 f6 33.
Ke3 Kf7 34. Bc2 Nd7 35. Bb3 g5 36. f4 gxf4+ 37. Kxf4 Ne5 38. Ba2 Ke7 39. h3 Nd3+ 40. Kg3 f5 41. Bb1 Ne5 42. Kh4 Kf6 43. Kh5 Kg7 44. Ba2 Nd3 45. Bxe6 Nf4+ 46. Kh4 Nxe6 47. Kg3 Kf6 48. Kf3 Ke5 49. Ke3 f4+ 50. Kf3 Kf5 51.
Kg2 Ke4 52. h4 h5 53. Kf1 Kf3 54. Kg1 Ng7 55. Kf1 Nf5 56. Kg1 Nxh4 57. Kf1 Nf5 58. Kg1 h4 59. Kf1 Nd6 60. Kg1 Ne4 61. Kf1 Nxf2 62. Kg1 Ng4 63. Kh1 Kg3 64. Kg1 h3 65.
Kh1 f3 66. Kg1 h2+ 67. Kf1 h1=Q# 0-1

[Event "Late-Titled-Tuesday-Blitz-October-17-2023"]
[Site "Chess.com"]
[Date "2023.10.17"]
[Round "10"]
[White "Vigg-Sama"]
[Black "Gyulamiryan-koryun"]
[Result "1-0"]
[WhiteElo "2192"]
[BlackElo "1948"]
[TimeControl "180+1"]
[EndTime "15:51:16 PDT"]
[Termination "Vigg-Sama won by resignation"]

1. e4 e5 2. Nf3 Nc6 3. Bb5 a6 4.
Ba4 Nf6 5. O-O Be7 6. Re1 b5 7. Bb3 O-O 8. a4 b4 9. d4 Nxd4 10. Nxd4 exd4 11. Qxd4 c5 12. Qd3 d6 13. Nd2 Be6 14.
Bd5 Nxd5 15. exd5 Bg4 16. Nc4 Bh5 17. f4 Rb8 18. b3 Bf6 19. Bb2 Bg6 20. f5 Bxb2 21.
Nxb2 Qf6 22. fxg6 Qxb2 23. gxh7+ Kh8 24. Rad1 g6 25. Qxa6 Rbd8 26. Qd3 Kxh7 27. Re3 Rde8 28. Rh3+ Kg7 29. Qd2 Rh8 30. Rxh8 Rxh8 31. Rf1 Rh4 32. Qf2 Qd4 33. Qxd4+ Rxd4 34. a5 c4 35. a6 Rxd5 36. Ra1 cxb3 37. cxb3 Rd3 38. a7 Rxb3 39. a8=Q Rc3 40.
Qd5 b3 41. Qd4+ f6 1-0

[Event "Late-Titled-Tuesday-Blitz-October-17-2023"]
[Site "Chess.com"]
[Date "2023.10.17"]
[Round "10"]
[White "NigelDwarf"]
[Black "wanyaland"]
[Result "1-0"]
[WhiteElo "2553"]
[BlackElo "2458"]
[TimeControl "180+1"]
[EndTime "15:51:24 PDT"]
[Termination "NigelDwarf won by checkmate"]

1. Nf3 d5 2. c4 e6 3. e3 Nf6 4. Nc3 c5 5. cxd5 Nxd5 6. d4 Nxc3 7. bxc3 Be7 8. Bd3 O-O 9. O-O Nd7 10. e4 b6 11. e5 Bb7 12. a4 Qc7 13. h4 Rfd8 14.
Bg5 Bxg5 15. Nxg5 h6 16. Bh7+ Kh8 17. Nxf7+ Kxh7 18. Qd3+ g6 19. Qe3 Kg7 20. Nxh6 Qc6 21. f3 Rf8 22. Qg5 Rh8 23. Ng4 Raf8 24. a5 Rf5 25. Qe7+ Rf7 26. Qg5 b5 27. a6 Ba8 28.
Rad1 c4 29. Rfe1 Rh5 30. Qd8 Rxf3 31. d5 Qc5+ 32. Rd4 Rxh4 33. Qxd7+ Rf7 34. dxe6 Rxd7 35. exd7 Rxg4 36. d8=Q Rxg2+ 37. Kf1 Rg4 38. Rd7+ Kh6 39. Qh8+ Kg5 40. Qf6+ Kh5 41. Rh7# 1-0

[Event "Late-Titled-Tuesday-Blitz-October-17-2023"]
[Site "Chess.com"]
[Date "2023.10.17"]
[Round "10"]
[White "Byniolus"]
[Black "Joshukid"]
[Result "0-1"]
[WhiteElo "2754"]
[BlackElo "2593"]
[TimeControl "180+1"]
[EndTime "15:51:28 PDT"]
[Termination "Joshukid won on time"]

1. e4 g6 2. h4 h5 3. d4 d6 4. Bc4 Nf6 5. Nc3 Bg7 6. Nf3 O-O 7.
Ng5 e6 8. f3 d5 9. Bb3 dxe4 10.
Ncxe4 Nxe4 11. Nxe4 Qxd4 12. Qe2 Nc6 13. c3 Qe5 14. Be3 b6 15. O-O-O a5 16. Bc4 Bb7 17. Bf2 Rad8 18. Bg3 Bh6+ 19. Kb1 Bf4 20. Bxf4 Qxf4 21. g3 Qe5 22. f4 Qf5 23. Bd3 Rxd3 24. Qxd3 Nb4 25.
Nf6+ Qxf6 26. cxb4 Bxh1 27. Rxh1 axb4 28. Rc1 Rd8 29. Qb5 Rd2 30. Qxb4 Qf5+ 31. Ka1 Qc2 32. Qc3 Qxc3 33. bxc3 Rg2 34. c4 Rxg3 35. c5 Ra3 36. Kb2 Ra5 37. cxb6 cxb6 38. Rc6 Rb5+ 39. Kc3 Kg7 40.
a4 Rb1 41. Rc4 Rc1+ 42. Kb4 Rb1+ 43. Kc3 Kf6 44. Kc2 Ra1 45. Rb4 Kf5 46. Kb2 Rf1 0-1

[Event "Late-Titled-Tuesday-Blitz-October-17-2023"]
[Site "Chess.com"]
[Date "2023.10.17"]
[Round "10"]
[White "egnfanclub"]
[Black "nitpicker"]
[Result "1-0"]
[WhiteElo "2348"]
[BlackElo "2236"]
[TimeControl "180+1"]
[EndTime "15:51:29 PDT"]
[Termination "egnfanclub won on time"]

1. e4 c5 2. Nc3 Nc6 3. f4 g6 4. Nf3 Bg7 5. Bc4 e6 6. f5 Nge7 7. fxe6 dxe6 8. d3 O-O 9. O-O a6 10. Qe1 Nd4 11. Nxd4 cxd4 12. Ne2 e5 13. Qh4 Qd6 14. Bg5 Nc6 15. Bf6 Be6 16. Bxg7 Kxg7 17. Qf6+ Kg8 18. Ng3 Qe7 19. Qxe7 Nxe7 20. Bb3 Rac8 21.
Rf2 Rc6 22. Rc1 Rfc8 23. Bxe6 Rxe6 24. c4 dxc3 25. Rxc3 Rxc3 26. bxc3 Rd6 27. Rd2 Nc6 28. Ne2 f5 29. exf5 gxf5 30. Kf2 Kf7 31. Ke3 Kf6 32. g3 Ne7 33. c4 Nc6 34. Nc3 Nd4 35. Nd5+ Ke6 36.
Rb2 b5 37. h4 bxc4 38. dxc4 Nc6 39. Nc7+ Kd7 40. Nxa6 Rd4 41. Nc5+ Kd6 42. Nb7+ Kc7 43.
c5 Ra4 44. Nd6 Ra3+ 45. Kf2 f4 46. g4 1-0

[Event "Late-Titled-Tuesday-Blitz-October-17-2023"]
[Site "Chess.com"]
[Date "2023.10.17"]
[Round "10"]
[White "AsaHoffmann"]
[Black "Goryachkina"]
[Result "0-1"]
[WhiteElo "2359"]
[BlackElo "2637"]
[TimeControl "180+1"]
[EndTime "15:51:30 PDT"]
[Termination "Goryachkina won by resignation"]

1. d4 Nf6 2. Bg5 Ne4 3. Bf4 d5 4. f3 Nf6 5. e4 e6 6. e5 Nfd7 7.
Be3 c5 8. c3 Nc6 9. f4 Qb6 10.
Qd2 Be7 11. Nf3 f6 12. Bd3 O-O 13. O-O Qc7 14. Na3 a6 15. Nc2 c4 16. Be2 b5 17. Kh1 a5 18. a3 Rb8 19. Bf2 b4 20.
axb4 axb4 21. Ne3 fxe5 22. fxe5 Nb6 23. Ng4 Bd7 24. Ng5 Qd8 25. Nh3 Be8 26. Be3 Bg6 27.
Bg5 Bf5 28. Bxe7 Nxe7 29. Ne3 Bxh3 30. gxh3 Ng6 31. Bg4 Qe7 32. Rxf8+ Rxf8 33. Rf1 Rxf1+ 34. Nxf1 b3 35. Qf2 Nf8 36. Ng3 Na4 37. Kg2 Qb7 38. Nh5 Nxc3 39. Nf4 Ne4 40. Qh4 Qf7 41. Bf3 c3 42. bxc3 b2 43. Bxe4 dxe4 0-1